 Dungeon Crawl Stone Soup version 0.31-a0-506-g3d79149578 (webtiles) character file.

Game seed: 9335739943997611922

13 GordonOverkill the Sneak (level 2, -1/21 HPs)
             Began as an Octopode Delver on Aug 9, 2023.
             Slain by a jelly (3 damage)
             ... on level 5 of the Dungeon.
             The game lasted 00:00:36 (160 turns).

GordonOverkill the Sneak (Octopode Delver)           Turns: 160, Time: 00:00:36

Health: -1/21      AC: -7    Str: 11    XL:     2   Next: 37%
Magic:  2/2        EV: 13    Int: 12    God:
Gold:   11         SH:  0    Dex: 13    Spells: 1/1 levels left

rFire   . . .        a - +0 short sword
rCold   . . .        (no shield)
rNeg    . . .        (helmet restricted)
rPois   .            (no amulet)
rElec   .            (no ring)
rCorr   .            (no ring)
SInv    .            (no ring)
Will    .....        (no ring)
Stlth   ++++         (no ring)
HPRegen 0.23/turn    (no ring)
MPRegen 0.08/turn    (no ring)
                     (no ring)

%: no passive effects
@: corroded
A: almost no armour, amphibious, 8 rings, camouflage 1, gelatinous body 1,
(nimble swimmer 1), tentacles
a: no special abilities


You were on level 5 of the Dungeon.
You visited 1 branch of the dungeon, and saw 3 of its levels.

You collected 11 gold pieces.

Inventory:

Hand Weapons
 a - a +0 short sword (weapon)
Wands
 f - a wand of digging (3)
Scrolls
 b - 2 scrolls of fog
 c - a scroll of revelation
 d - a scroll of fear
Potions
 e - a potion of haste


   Skills:
 - Level 3.0 Fighting
 + Level 3.0 Short Blades
 - Level 2.0 Dodging
 - Level 6.6 Stealth


You had one spell level left.
You didn't know any spells.
Your spell library was empty.

Dungeon Overview and Level Annotations

Branches:
Dungeon (6/15)
 Temple: D:4-7

Altars:


Innate Abilities, Weirdness & Mutations

You cannot wear most types of armour.
You are amphibious.
You can wear up to eight rings at the same time.
Your skin changes colour to match your surroundings (Stealth+).
Your rubbery body absorbs attacks. (AC +1, EV +1)
((You are camouflaged when in or above water. (Stealth+)))
You have tentacles for arms and can constrict up to eight enemies at once.


Message History

There is a stone staircase leading down here.
You climb downwards.
There is a stone staircase leading up here.
Found 11 gold pieces.
You now have 11 gold pieces.
Found 11 gold pieces.
An orc comes into view. It is wielding a +0 club.
An orc is nearby!
An orc is nearby!
The helpless orc fails to defend itself.
You impale the orc!!
You kill the orc!
Your Short Blades skill increases to level 3!
No target in view!
No target in view!
Things that are here:
a +0 club; a +0 leather armour A jelly comes into view.
A jelly is nearby!
The jelly quivers.
The jelly misses you.
You hit the jelly.
Your tentacles burn!
The jelly is moderately wounded.
The jelly barely misses you.
You hit the jelly. The acid corrodes you!
Your tentacles burn!
The jelly is heavily wounded.
The jelly hits you. The acid corrodes you!
You are splashed with acid.
* * * LOW HITPOINT WARNING * * *
You are too injured to fight recklessly!
You hit the jelly but do no damage.
Your tentacles burn!
* * * LOW HITPOINT WARNING * * *
The jelly is heavily wounded.
The jelly jiggles.
The jelly closely misses you.
You hit the jelly but do no damage.
Your tentacles burn!
* * * LOW HITPOINT WARNING * * *
You squeeze the jelly.
The jelly is heavily wounded.
The jelly hits you.
You die...

###...#...##
....#####.#
###...#...####
## ###.#.......
.# #...#### .#
#..## .# #..#
##.## #..#
######...#####
#..#
#.....@.......
#..#
#)####.J.#####
#..####.# ##.##
#.......# .#
#...##### .#
#...# .#
#.......... .#
..........###
##
#.###..........


You could see a jelly.

Vanquished Creatures
  2 ufetubi
  An orc (D:5)
3 creatures vanquished.

Notes
Turn   | Place    | Note
-------+----------+-------------------------------------------
     0 | D:5      | GordonOverkill the Octopode Delver began the quest for the
                  | Orb.
     0 | D:5      | Reached XP level 1. HP: 16/16 MP: 1/1
     1 | D:6      | Noticed an ogre
   100 | D:4      | Reached XP level 2. HP: 21/21 MP: 2/2
   160 | D:5      | HP: 1/21 [acid (4)]
   160 | D:5      | Slain by a jelly

Illustrated notes

Levels and vault maps discovered:
D:4:      layout_layer_cave, lexackson_kobold_supper, uniq_ijyb, uniq_menkaure
D:5:      layout_loops_ring, uniq_pikel
D:6:      layout_cave_pools, mainiacjoe_overflow_boulevard, old_standard_altar

Skill      XL: |  1  2 |
---------------+-------+-----
Short Blades   | 3 |  3.0
Fighting       | |  3.0
Dodging        | |  2.0
Stealth        | |  6.6

Action                     || total
---------------------------++-------
  Melee: Short sword       ||    11
         Tentacles         ||     1
   Stab: Sleeping          ||     2
  Dodge: Dodged            ||    12

Table legend: (Time is in decaauts)
 A = Elapsed time spent in this place.
 B = Non-inter-level travel time spent in this place.
 C = Inter-level travel time spent in this place.
 D = Time resting spent in this place.
 E = Time spent auto-exploring this place.
 F = Levels seen in this place.
 G = Mean time per level.
                   A        B        C        D        E       F      G
               +--------+--------+--------+--------+--------+-----+--------+
         Total |    160 |    160 |      0 |     48 |      0 |   3 |   53.3 |
       Dungeon |    160 |    160 |      0 |     48 |      0 |   3 |   53.3 |
               +--------+--------+--------+--------+--------+-----+--------+

Top non-repeatable levels by time:
     D:5: 143 daAuts
     D:4: 15 daAuts
     D:6: 1 daAuts
